 Dungeon Crawl Stone Soup version 0.26-a0-652-gafc20e3620 (webtiles) character file.

Game seed: 4167986608331055857

236 DogServant the Chopper (level 5, -11/52 HPs)
             Began as a Minotaur Monk on Oct 3, 2020.
             Mangled by an ogre
             ... wielding a +0 giant club
              (19 damage)
             ... on level 3 of the Dungeon.
             The game lasted 00:04:41 (2925 turns).

DogServant the Chopper (Minotaur Monk)              Turns: 2925, Time: 00:04:41

Health: -11/52     AC:  6    Str: 16    XL:     5   Next: 77%
Magic:  4/4        EV: 12    Int:  9    God:
Gold:   134        SH:  4    Dex: 15    Spells: 4/4 levels left

rFire    . . .     SeeInvis .   a - +0 hand axe
rCold    . . .     Faith    .   p - +0 buckler
rNeg     . . .     Spirit   .   n - +0 ring mail
rPois    .         Reflect  .   (helmet restricted)
rElec    .         Harm     .   m - +0 cloak
rCorr    .         Rampage  .   (no gloves)
MR       .....                  (no boots)
Stlth    +.........             h - amulet of magic regeneration
HPRegen  0.57/turn              (no ring)
MPRegen  0.34/turn              (no ring)

@: no status effects
A: retaliatory headbutt, horns 2, agile 1, clever 1, regeneration 1, robust 1
a: no special abilities


You were on level 3 of the Dungeon.
You visited 1 branch of the dungeon, and saw 4 of its levels.

You collected 134 gold pieces.

Inventory:

Hand Weapons
 a - a +0 hand axe (weapon)
Armour
 m - a +0 cloak (worn)
 n - a +0 ring mail (worn)
 p - a +0 buckler (worn)
Jewellery
 h - an amulet of magic regeneration (around neck)
Scrolls
 c - 4 scrolls of identify
 e - a scroll of teleportation
 g - 8 scrolls of remove curse
 q - a scroll of immolation
Potions
 j - a potion of lignification
 l - a potion of haste


   Skills:
 + Level 5.2 Fighting
 + Level 5.3 Axes
 + Level 3.2 Armour
 - Level 3.5 Dodging
 - Level 1.6 Stealth
 + Level 1.8 Shields


You had 4 spell levels left.
You didn't know any spells.
Your spell library contained the following spells:

 Spells                   Type           Power        Failure   Level
 Animate Skeleton         Necr           #.....       69%         1
 Pain                     Necr           #...         69%         1
 Vampiric Draining        Necr           #.........   96%         3
 Animate Dead             Necr           #.........   100%        4
 Agony                    Necr           #.......     100%        5


Dungeon Overview and Level Annotations

Branches:
Dungeon (4/15)
 Temple: D:4-7

Altars:

Shops:
D:4 !

Annotations:
D:4 Menkaure


Innate Abilities, Weirdness & Mutations

You reflexively headbutt those who attack you in melee.
You have a pair of horns on your head.
You are agile. (Dex +2)
Your mind is acute. (Int +2)
Your natural rate of healing is unusually fast.
You are robust. (+10% HP)


Message History

* * * LOW HITPOINT WARNING * * *
You feel better. The ogre closely misses you.
There is an open door here.
You open the door.
There is an open door here.
The ogre closely misses you. You furiously retaliate!
You headbutt the ogre.
It was a potion of mutation.
You feel extremely strange.
You feel agile.
You feel clever.
You feel robust.
You begin to heal more quickly.
You hit the ogre but do no damage.
The ogre is lightly wounded.
The ogre hits you but does no damage.
You barely miss the ogre.
The ogre is lightly wounded.
The ogre hits you with a +0 giant club!
* * * LOW HITPOINT WARNING * * *
You hit the ogre but do no damage. You headbutt the ogre.
The ogre is moderately wounded.
The ogre hits you with a +0 giant club!!
You die...

#...# ##...## #.# ###.#
##+## #.# #.# #.# #.#
#.# #.# #.# #.# ##.##
#.# #.# ##...## #.#
##.## #.....## #.#
##.#.## ##.....# #.#
#.###.###@.....#######.#
##.#....O.##...........#
##.####################
###


You could see an ogre.

Vanquished Creatures
  A scorpion (D:4)
  A worker ant (D:4)
  3 adders
  6 gnolls
  An ooze (D:1)
  A worm (D:2)
  An adder skeleton (D:4)
  An adder zombie (D:3)
  3 dart slugs
  An orc (D:3)
  6 bats
  4 giant cockroaches
  12 goblins
  5 hobgoblins
  4 jackals (D:1)
  A kobold (D:1)
  3 frilled lizards
  7 rats
61 creatures vanquished.

Notes
Turn   | Place    | Note
-------+----------+-------------------------------------------
     0 | D:1      | DogServant the Minotaur Monk began the quest for the Orb.
     0 | D:1      | Reached XP level 1. HP: 19/19 MP: 0/0
   239 | D:1      | Reached XP level 2. HP: 27/27 MP: 1/1
   613 | D:1      | Reached skill level 1 in Armour
   613 | D:1      | Reached XP level 3. HP: 22/33 MP: 2/2
  1437 | D:2      | Reached XP level 4. HP: 40/41 MP: 3/3
  2304 | D:3      | Reached skill level 5 in Axes
  2304 | D:3      | Reached XP level 5. HP: 47/47 MP: 4/4
  2314 | D:3      | Reached skill level 1 in Shields
  2664 | D:3      | Noticed an ogre
  2693 | D:4      | Reached skill level 5 in Fighting
  2695 | D:4      | Found Kisseon's Distillery.
  2851 | D:4      | Noticed a two-headed ogre
  2865 | D:4      | Noticed Menkaure
  2922 | D:3      | Gained mutation: You are agile. (Dex +2) [potion of
                  | mutation]
  2922 | D:3      | Gained mutation: Your mind is acute. (Int +2) [potion of
                  | mutation]
  2922 | D:3      | Gained mutation: You are robust. (+10% HP) [potion of
                  | mutation]
  2922 | D:3      | Gained mutation: Your natural rate of healing is unusually
                  | fast. [potion of mutation]
  2925 | D:3      | Mangled by an ogre

Illustrated notes

Levels and vault maps discovered:
D:1:      lemuel_arrival_funnel, layout_loops_ring
D:2:      layout_loops_cross
D:3:      minmay_inner_zag, layout_loops_corners, grunt_temple_overflow_diamond
D:4:      layout_cave_pools, serial_shops, shop, kennysheep_mini_moat,
          nicolae_shop_statue_plus, shop, gup_ossuary_entry_pyramid,
          bh_walls_and_bars, uniq_menkaure

Skill      XL: |  1  2  3  4  5 |
---------------+----------------+-----
Axes           | 4 5 |  5.3
Fighting       | 4 5 |  5.2
Armour         | 1 2 3 |  3.2
Shields        | 1 |  1.8
Dodging        | |  3.5
Stealth        | |  1.6

Action                   |  1- 3 |  4- 6 || total
-------------------------+-------+-------++-------
Melee: Hand axe          |    71 |    81 ||   152
       Headbutt          |    12 |    18 ||    30
  Use: Scroll            |       |     9 ||     9
       Potion            |       |     2 ||     2
 Stab: Sleeping          |       |     2 ||     2
Armor: Robe              |     5 |       ||     5
       Leather armour    |     1 |     3 ||     4
       Ring mail         |       |    18 ||    18
Dodge: Dodged            |    46 |    45 ||    91
Block: Buckler           |       |     6 ||     6

Table legend: (Time is in decaauts)
 A = Elapsed time spent in this place.
 B = Non-inter-level travel time spent in this place.
 C = Inter-level travel time spent in this place.
 D = Time resting spent in this place.
 E = Time spent auto-exploring this place.
 F = Levels seen in this place.
 G = Mean time per level.
                   A        B        C        D        E       F      G
               +--------+--------+--------+--------+--------+-----+--------+
         Total |   2936 |   2788 |    148 |     88 |   2152 |   4 |  734.0 |
       Dungeon |   2936 |   2788 |    148 |     88 |   2152 |   4 |  734.0 |
               +--------+--------+--------+--------+--------+-----+--------+

Top non-repeatable levels by time:
     D:1: 978 daAuts
     D:2: 894 daAuts
     D:3: 869 daAuts
     D:4: 193 daAuts
